 Dungeon Crawl Stone Soup version 0.31-a0-801-gc67433417a (webtiles) character file.

Game seed: 16732156532736580756

8 Essalna the Conjurer (level 2, 0/19 HPs)
             Began as a Demonspawn Conjurer on Sept 20, 2023.
             Slain by a hobgoblin (3 damage)
             ... on level 1 of the Dungeon.
             The game lasted 00:00:31 (375 turns).

Essalna the Conjurer (Demonspawn Conjurer)           Turns: 375, Time: 00:00:32

Health: 0/19       AC:  2    Str:  7    XL:     2   Next: 0%
Magic:  1/5        EV: 12    Int: 19    God:
Gold:   8          SH:  0    Dex: 11    Spells: 4/5 levels left

rFire   . . .        h - +0 club
rCold   . . .        (no shield)
rNeg    . . .        a - +0 robe
rPois   .            (no helmet)
rElec   .            (no cloak)
rCorr   .            (no gloves)
SInv    .            (no boots)
Will    .....        (no amulet)
Stlth   ++           (no ring)
HPRegen 0.23/turn    (no ring)
MPRegen 0.09/turn

%: no passive effects
@: no status effects
A: demonic touch 1
a: no special abilities


You were on level 1 of the Dungeon.
You visited 1 branch of the dungeon, and saw 1 of its levels.

You collected 8 gold pieces.

Inventory:

Hand Weapons
 h - a +0 club (weapon)
Armour
 a - a +0 robe (worn)
Scrolls
 c - a scroll of identify {unknown}
 d - a scroll of vulnerability {unknown}
 g - a scroll of amnesia {unknown}
Potions
 b - a potion of magic
 e - a potion of enlightenment {unknown}
 f - 2 potions of might {unknown}


   Skills:
 - Level 1.7 Dodging
 - Level 1.7 Stealth
 + Level 2.3 Spellcasting
 + Level 4.2 Conjurations


You had 4 spell levels left.
You knew the following spells:

 Your Spells              Type           Power      Damage    Failure   Level
a - Magic Dart            Conj           72%        1d6       3%          1

Your spell library contained the following spells:

 Spells                   Type           Power      Damage    Failure   Level
 Searing Ray              Conj           36%        2d5       4%          2
 Dazzling Flash           Conj/Hex       20%        N/A       21%         3
 Fulminant Prism          Conj/Hex       5%         3d7       56%         4
 Iskenderun's Mystic Bla  Conj/Tloc      10%        2d4       56%         4


Dungeon Overview and Level Annotations

Branches:
Dungeon (1/15)

Altars:


Innate Abilities, Weirdness & Mutations

Your touch may inflict minor irresistible damage on your foes.


Message History

You are too injured to fight recklessly!
You are too injured to fight recklessly!
You are too injured to fight recklessly!
You are too injured to fight recklessly!
You are too injured to fight recklessly!
The giant cockroach bites you but does no damage.
The rat bites you but does no damage. The bat barely misses you.
The giant cockroach barely misses you. The rat bites you.
The hobgoblin closely misses you. The bat barely misses you.
The giant cockroach barely misses you. The rat bites you.
The hobgoblin barely misses you. The bat barely misses you.
The giant cockroach bites you. The bat hits you but does no damage.
The rat bites you. The hobgoblin closely misses you.
The giant cockroach barely misses you. The giant cockroach barely misses you.
The rat bites you. The hobgoblin completely misses you.
The bat closely misses you. The bat hits you but does no damage.
The giant cockroach bites you but does no damage.
The rat bites you. The hobgoblin hits you.
* * * LOW HITPOINT WARNING * * *
The bat hits you but does no damage. The giant cockroach misses you.
The rat bites you but does no damage. The hobgoblin misses you.
The bat closely misses you.
The giant cockroach bites you but does no damage.
The hobgoblin barely misses you. The rat bites you.
* * * LOW HITPOINT WARNING * * *
The bat misses you.
The giant cockroach completely misses you.
The bat closely misses you. The rat barely misses you.
The hobgoblin misses you. The giant cockroach barely misses you.
The bat hits you but does no damage. The bat barely misses you.
The rat closely misses you.
The giant cockroach bites you but does no damage.
The hobgoblin barely misses you. The bat hits you.
* * * LOW HITPOINT WARNING * * *
The giant cockroach bites you.
* * * LOW HITPOINT WARNING * * *
The hobgoblin hits you.
You die...

. #.#.......... ..
#.#.......... ...
####.#.......... ....
#....#..........
.....##....#.#.#####..
...........#.#.....#..
...###...##.#..>.....
#................†
##@b...............
......rBg...............
........................
........................
................####....
................# #....
#######.........# #....
#.........# #....
########### #....


You could see a giant cockroach, a hobgoblin, a bat and a rat.

Vanquished Creatures
  2 giant cockroaches (D:1)
  A hobgoblin (D:1)
  A kobold (D:1)
  2 ball pythons (D:1)
  A rat (D:1)
7 creatures vanquished.

Notes
Turn   | Place    | Note
-------+----------+-------------------------------------------
     0 | D:1      | Essalna the Demonspawn Conjurer began the quest for the
                  | Orb.
     0 | D:1      | Reached XP level 1. HP: 13/13 MP: 3/3
   360 | D:1      | Discovered your monstrous ancestry.
   360 | D:1      | Gained mutation: Your touch may inflict minor irresistible
                  | damage on your foes. [demonic ancestry]
   360 | D:1      | Reached XP level 2. HP: 19/19 MP: 0/5
   375 | D:1      | Slain by a hobgoblin

Illustrated notes

Levels and vault maps discovered:
D:1:      elethiomel_arrival_shortcut, layout_basic, minmay_misc_feat_ornament,
          minmay_pentomino_u2

Action                     || total
---------------------------++-------
  Melee: Club              ||     3
   Cast: Magic Dart        ||    16
 Armour: Robe              ||    25
  Dodge: Dodged            ||    28

Table legend: (Time is in decaauts)
 A = Elapsed time spent in this place.
 B = Non-inter-level travel time spent in this place.
 C = Inter-level travel time spent in this place.
 D = Time resting spent in this place.
 E = Time spent auto-exploring this place.
 F = Levels seen in this place.
 G = Mean time per level.
                   A        B        C        D        E       F      G
               +--------+--------+--------+--------+--------+-----+--------+
         Total |    375 |    375 |      0 |      0 |    295 |   1 |  375.0 |
       Dungeon |    375 |    375 |      0 |      0 |    295 |   1 |  375.0 |
               +--------+--------+--------+--------+--------+-----+--------+

Top non-repeatable levels by time:
     D:1: 375 daAuts
